General information
- name: BNet
- type: Ladder team game (AT/RT)
- host: Battle.net
- saver: Malfurion
map: Friends
- players: 8
- length: 42:22
- speed: Fast
- version: 1.26 W3XP
- replay type: Public
» download(312 KB)
Players
team 1 (winner)
mis.click (
orange | 116 APM | 4903 actions | 42:21)
10 Priestess of the Moon
3 Searing Arrows
3 Trueshot Aura
1 Starfall
3 Scout
8 Keeper of the Grove
3 Entangling Roots
3 Thorns Aura
1 Tranquility
1 Force of Nature
» actions
| Assign group hotkey | 76 | |
| Basic commands | 423 | |
| Build / train | 168 | |
| ESC pressed | 3 | |
| Enter build submenu | 18 | |
| Enter hero's abilities submenu | 18 | |
| Give item / drop item | 1 | |
| Remove unit from queue | 3 | |
| Right click | 1412 | |
| Select / deselect | 492 | |
| Select group hotkey | 2207 | |
| Use ability | 82 | |
4903 total
» units
| Wisp | 24 | |
| Huntress | 16 | |
| Archer | 18 | |
| Chimaera | 17 | |
75 total
» upgrades
| Strength of the Moon | 3 | |
| Moon Armor | 3 | |
| Improved Bows | 1 | |
| Ultravision | 1 | |
| Marksmanship | 1 | |
| Well Spring | 1 | |
| Corrosive Breath | 1 | |
| Nature's Blessing | 1 | |
| Strength of the Wild | 3 | |
| Reinforced Hides | 3 | |
| Vorpal Blades | 1 | |
| Sentinel | 1 | |
| Upgrade Moon Glaive | 1 | |
| Druid of the Talon Training | 1 | |
| Hippogryph Taming | 1 | |
23 total
» buildings
| Altar of Elders | 1 | |
| Moon Well | 6 | |
| Ancient of War | 2 | |
| Hunter's Hall | 1 | |
| Tree of Ages | 3 | |
| Ancient of Wonders | 1 | |
| Tree of Eternity | 2 | |
| Ancient of Wind | 1 | |
| Chimaera Roost | 1 | |
| Tree of Life | 4 | |
22 total
» build order
00:08 Altar of Elders
00:33 Moon Well
01:31 Ancient of War
01:44 Hunter's Hall
01:59 Moon Well
02:24 Ancient of War
02:51 Moon Well
04:27 Moon Well
05:39 Tree of Ages
05:40 Tree of Ages
08:57 Ancient of Wonders
10:48 Tree of Eternity
10:49 Tree of Eternity
11:48 Ancient of Wind
13:27 Chimaera Roost
13:46 Moon Well
13:46 Moon Well
22:33 Tree of Life
32:50 Tree of Life
38:27 Tree of Life
38:57 Tree of Life
» items
| Potion of Healing | 6 | |
| Orb of Venom | 1 | |
| Boots of Quel'Thalas +6 | 2 | |
| Scroll of Town Portal | 5 | |
14 total
blablib (
purple | 72 APM | 3038 actions | 42:21)
8 Archmage
3 Summon Water Elemental
3 Brilliance Aura
1 Mass Teleport
1 Blizzard
8 Paladin
3 Holy Light
3 Divine Shield
1 Resurrection
1 Devotion Aura
6 Pandaren Brewmaster
1 Drunken Haze
3 Breath of Fire
2 Drunken Brawler
» actions
| Assign group hotkey | 77 | |
| Basic commands | 361 | |
| Build / train | 136 | |
| ESC pressed | 1 | |
| Enter build submenu | 53 | |
| Enter hero's abilities submenu | 23 | |
| Give item / drop item | 10 | |
| Remove unit from queue | 3 | |
| Right click | 566 | |
| Select / deselect | 601 | |
| Select group hotkey | 959 | |
| Use ability | 248 | |
3038 total
» units
| Peasant | 18 | |
| Rifleman | 4 | |
| Sorceress | 2 | |
| Priest | 2 | |
| Mortar Team | 4 | |
| Goblin Shredder | 1 | |
| Knight | 2 | |
| Spell Breaker | 2 | |
35 total
» upgrades
| Gunpowder | 3 | |
| Masonry | 3 | |
| Long Rifles | 1 | |
| Fragmentation Shards | 1 | |
| Animal War Training | 1 | |
| Plating | 3 | |
| Sorceress Training | 2 | |
| Priest Training | 2 | |
| Armor | 3 | |
| Magic Sentry | 1 | |
| Flare | 1 | |
| Barrage | 1 | |
| Swords | 3 | |
| Lumber Harvesting | 2 | |
| Control Magic | 1 | |
| Defend | 1 | |
| Flak Cannons | 1 | |
| Storm Hammers | 1 | |
| Cloud | 1 | |
| Flying Machine Bombs | 1 | |
| Backpack | 1 | |
34 total
» buildings
| Altar of Kings | 1 | |
| Farm | 15 | |
| Scout Tower | 14 | |
| Arcane Tower | 5 | |
| Lumber Mill | 1 | |
| Blacksmith | 1 | |
| Barracks | 2 | |
| Keep | 2 | |
| Castle | 2 | |
| Workshop | 2 | |
| Arcane Sanctum | 2 | |
| Gryphon Aviary | 2 | |
| Arcane Vault | 2 | |
| Town Hall | 2 | |
| Guard Tower | 5 | |
58 total
» build order
00:21 Altar of Kings
00:38 Farm
00:40 Farm
01:05 Scout Tower
01:22 Farm
01:37 Arcane Tower
01:43 Lumber Mill
02:09 Blacksmith
02:35 Barracks
03:36 Keep
04:21 Farm
04:22 Farm
04:27 Farm
04:27 Farm
04:29 Farm
05:33 Farm
05:34 Farm
06:58 Castle
07:00 Workshop
07:15 Arcane Sanctum
08:55 Gryphon Aviary
10:43 Farm
11:48 Arcane Vault
14:23 Town Hall
15:18 Barracks
15:23 Farm
15:52 Arcane Sanctum
19:47 Gryphon Aviary
19:50 Workshop
22:54 Arcane Vault
23:09 Farm
25:52 Farm
28:00 Town Hall
29:33 Keep
29:35 Scout Tower
29:40 Scout Tower
29:42 Scout Tower
30:14 Guard Tower
32:15 Guard Tower
32:19 Castle
32:42 Scout Tower
32:44 Scout Tower
32:46 Scout Tower
34:11 Guard Tower
34:54 Scout Tower
35:23 Arcane Tower
37:01 Scout Tower
37:02 Scout Tower
37:31 Guard Tower
37:53 Scout Tower
37:54 Scout Tower
37:57 Guard Tower
38:01 Scout Tower
38:37 Arcane Tower
38:51 Arcane Tower
38:55 Farm
39:59 Scout Tower
40:32 Arcane Tower
» items
| Scourge Bone Chimes | 1 | |
| Inferno Stone | 2 | |
| Sobi Mask | 2 | |
| Orb of Fire | 1 | |
| Scroll of Town Portal | 2 | |
| Alleria's Flute of Accuracy | 1 | |
| Amulet of the Wild | 3 | |
| Red Drake Egg | 1 | |
| Spiked Collar | 2 | |
| Ice Shard | 2 | |
| Talisman of the Wild | 1 | |
| Stone Token | 2 | |
| Book of the Dead | 1 | |
| Demonic Figurine | 2 | |
| Belt of Giant Strength +6 | 1 | |
24 total
Malfurion (
yellow | 89 APM | 3788 actions | 42:22)
10 Blademaster
3 Wind Walk
3 Critical Strike
1 Bladestorm
3 Mirror Image
» actions
| Assign group hotkey | 55 | |
| Basic commands | 48 | |
| Build / train | 132 | |
| Enter build submenu | 62 | |
| Enter hero's abilities submenu | 11 | |
| Give item / drop item | 1 | |
| Remove unit from queue | 2 | |
| Right click | 1954 | |
| Select / deselect | 574 | |
| Select group hotkey | 825 | |
| Use ability | 124 | |
3788 total
» units
| Peon | 27 | |
| Grunt | 11 | |
| Wind Rider | 36 | |
| Goblin Sapper | 5 | |
| Demolisher | 1 | |
80 total
» upgrades
| Spiked Barricades | 3 | |
| Ranged Weapons | 3 | |
| Armor | 3 | |
| Reinforced Defenses | 1 | |
| Envenomed Spears | 1 | |
| Troll Regeneration | 1 | |
| Liquid Fire | 1 | |
| Ensnare | 1 | |
| Berserker Upgrade | 1 | |
| Pillage | 1 | |
| War Drums Damage Increase | 1 | |
| Melee Weapons | 2 | |
| Burning Oil | 1 | |
20 total
» buildings
| Altar of Storms | 1 | |
| Orc Burrow | 8 | |
| Barracks | 2 | |
| War Mill | 3 | |
| Great Hall | 1 | |
| Watch Tower | 31 | |
| Stronghold | 2 | |
| Beastiary | 5 | |
| Fortress | 1 | |
| Voodoo Lounge | 1 | |
55 total
» build order
00:03 Altar of Storms
00:07 Orc Burrow
00:44 Barracks
02:00 Orc Burrow
02:22 Orc Burrow
02:46 War Mill
03:35 Great Hall
04:32 Watch Tower
05:08 Watch Tower
06:16 Watch Tower
06:21 Watch Tower
06:49 Stronghold
06:49 Stronghold
07:13 Watch Tower
07:15 Watch Tower
07:19 Watch Tower
07:44 Watch Tower
08:59 Watch Tower
09:03 Watch Tower
09:35 Beastiary
09:38 Beastiary
09:44 Watch Tower
09:46 Fortress
09:57 Watch Tower
10:21 War Mill
10:46 Watch Tower
11:18 Watch Tower
11:29 Watch Tower
11:40 Watch Tower
12:07 Orc Burrow
13:24 Beastiary
13:31 Watch Tower
13:35 Watch Tower
14:02 Watch Tower
15:59 Voodoo Lounge
16:02 Watch Tower
16:03 Watch Tower
18:10 Watch Tower
18:14 Watch Tower
18:17 Watch Tower
18:20 Watch Tower
19:19 Orc Burrow
19:22 Orc Burrow
19:55 Watch Tower
20:04 Watch Tower
26:52 Barracks
31:30 Beastiary
31:35 Beastiary
31:39 Watch Tower
34:45 Watch Tower
34:48 Watch Tower
35:31 Orc Burrow
37:49 Watch Tower
39:05 War Mill
39:54 Orc Burrow
» items
| Lesser Clarity Potion | 2 | |
| Healing Salve | 5 | |
| Orb of Lightning | 2 | |
| Scroll of Town Portal | 2 | |
| Orb of Venom | 1 | |
12 total
team 2 (loser)
OneTooManyBeers (
red | 60 APM | 2183 actions | 36:31)
4 Death Knight
2 Death Coil
2 Unholy Aura
3 Crypt Lord
1 Spiked Carapace
2 Impale
» actions
| Assign group hotkey | 43 | |
| Basic commands | 132 | |
| Build / train | 117 | |
| ESC pressed | 8 | |
| Enter build submenu | 17 | |
| Enter hero's abilities submenu | 7 | |
| Right click | 897 | |
| Select / deselect | 525 | |
| Select group hotkey | 341 | |
| Use ability | 96 | |
2183 total
» units
| Acolyte | 17 | |
| Ghoul | 9 | |
| Crypt Fiend | 38 | |
| Frost Wyrm | 18 | |
82 total
» upgrades
| Creature Attack | 3 | |
| Creature Carapace | 3 | |
| Web | 1 | |
| Freezing Breath | 1 | |
8 total
» buildings
| Ziggurat | 8 | |
| Altar of Darkness | 1 | |
| Crypt | 1 | |
| Graveyard | 2 | |
| Halls of the Dead | 3 | |
| Black Citadel | 1 | |
| Sacrificial Pit | 2 | |
| Boneyard | 1 | |
| Spirit Tower | 5 | |
| Nerubian Tower | 1 | |
25 total
» build order
00:08 Ziggurat
00:11 Altar of Darkness
00:20 Crypt
00:49 Graveyard
00:54 Graveyard
01:28 Ziggurat
02:03 Ziggurat
03:46 Halls of the Dead
03:46 Halls of the Dead
05:07 Ziggurat
07:00 Black Citadel
08:11 Ziggurat
08:13 Ziggurat
08:40 Sacrificial Pit
08:43 Sacrificial Pit
09:39 Boneyard
16:20 Spirit Tower
16:43 Spirit Tower
17:04 Spirit Tower
17:04 Spirit Tower
19:23 Spirit Tower
28:07 Ziggurat
28:52 Ziggurat
33:59 Nerubian Tower
» items
xxxRadixxx (
green | 74 APM | 1958 actions | 26:24)
5 Priestess of the Moon
2 Searing Arrows
3 Trueshot Aura
5 Keeper of the Grove
3 Entangling Roots
2 Thorns Aura
» actions
| Assign group hotkey | 48 | |
| Basic commands | 238 | |
| Build / train | 85 | |
| Enter build submenu | 12 | |
| Enter hero's abilities submenu | 10 | |
| Remove unit from queue | 2 | |
| Right click | 573 | |
| Select / deselect | 291 | |
| Select group hotkey | 635 | |
| Use ability | 64 | |
1958 total
» units
» upgrades
| Strength of the Wild | 3 | |
| Reinforced Hides | 3 | |
| Abolish Magic | 1 | |
| Ultravision | 1 | |
8 total
» buildings
| Moon Well | 7 | |
| Altar of Elders | 2 | |
| Tree of Ages | 1 | |
| Hunter's Hall | 1 | |
| Ancient of Lore | 2 | |
| Ancient of Wonders | 1 | |
| Tree of Eternity | 1 | |
15 total
» build order
00:20 Moon Well
00:35 Altar of Elders
02:11 Tree of Ages
02:16 Moon Well
02:33 Hunter's Hall
02:55 Moon Well
03:51 Moon Well
04:35 Ancient of Lore
04:37 Ancient of Lore
05:01 Moon Well
05:13 Ancient of Wonders
11:14 Tree of Eternity
11:59 Moon Well
12:00 Moon Well
25:15 Altar of Elders
HavocReaper (
blue | 45 APM | 1913 actions | 42:21)
7 Archmage
2 Summon Water Elemental
2 Brilliance Aura
2 Blizzard
1 Mass Teleport
3 Paladin
2 Holy Light
1 Divine Shield
2 Mountain King
1 Storm Bolt
1 Bash
» actions
| Assign group hotkey | 42 | |
| Basic commands | 5 | |
| Build / train | 125 | |
| Enter build submenu | 32 | |
| Enter hero's abilities submenu | 13 | |
| Remove unit from queue | 1 | |
| Right click | 567 | |
| Select / deselect | 460 | |
| Select group hotkey | 514 | |
| Use ability | 154 | |
1913 total
» units
| Peasant | 15 | |
| Rifleman | 23 | |
| Priest | 4 | |
| Sorceress | 6 | |
| Knight | 1 | |
| Mortar Team | 1 | |
| Frost Wyrm | 2 | |
| Acolyte | 1 | |
53 total
» upgrades
| Gunpowder | 3 | |
| Armor | 3 | |
| Long Rifles | 1 | |
| Masonry | 3 | |
| Lumber Harvesting | 1 | |
| Priest Training | 1 | |
| Sorceress Training | 1 | |
| Magic Sentry | 1 | |
| Fragmentation Shards | 1 | |
15 total
» buildings
| Farm | 10 | |
| Altar of Kings | 1 | |
| Blacksmith | 1 | |
| Barracks | 2 | |
| Scout Tower | 8 | |
| Lumber Mill | 2 | |
| Arcane Tower | 3 | |
| Keep | 1 | |
| Guard Tower | 11 | |
| Arcane Vault | 1 | |
| Arcane Sanctum | 2 | |
| Town Hall | 2 | |
| Castle | 1 | |
| Workshop | 3 | |
48 total
» build order
00:48 Farm
00:57 Altar of Kings
01:32 Farm
01:44 Blacksmith
01:52 Barracks
02:16 Scout Tower
02:30 Lumber Mill
02:51 Arcane Tower
02:59 Farm
03:40 Farm
04:25 Farm
04:54 Keep
05:30 Farm
06:06 Scout Tower
06:19 Scout Tower
07:03 Guard Tower
07:22 Barracks
08:42 Arcane Vault
09:14 Arcane Sanctum
09:20 Arcane Sanctum
10:43 Farm
11:12 Town Hall
12:20 Scout Tower
13:33 Guard Tower
13:36 Farm
13:38 Castle
15:50 Scout Tower
16:23 Guard Tower
19:18 Guard Tower
19:43 Scout Tower
19:44 Guard Tower
20:02 Guard Tower
20:14 Farm
20:54 Guard Tower
22:35 Guard Tower
22:37 Guard Tower
22:39 Guard Tower
23:44 Guard Tower
26:28 Farm
28:20 Lumber Mill
29:03 Scout Tower
29:36 Arcane Tower
29:38 Scout Tower
32:02 Workshop
32:12 Arcane Tower
32:14 Workshop
33:40 Workshop
37:49 Town Hall
» items
| Scroll of Regeneration | 1 | |
| Scroll of Town Portal | 6 | |
| Ivory Tower | 12 | |
| Orb of Fire | 3 | |
| Potion of Healing | 1 | |
| Potion of Divinity | 1 | |
| Staff of Sanctuary | 1 | |
25 total

»
neil_diamond (
teal | 75 APM | 2722 actions | 36:11)
5 Demon Hunter
2 Immolation
3 Evasion
3 Priestess of the Moon
2 Trueshot Aura
1 Searing Arrows
1 Keeper of the Grove
1 Tranquility
» actions
| Assign group hotkey | 71 | |
| Basic commands | 208 | |
| Build / train | 114 | |
| Enter build submenu | 24 | |
| Enter hero's abilities submenu | 9 | |
| Give item / drop item | 1 | |
| Remove unit from queue | 2 | |
| Right click | 981 | |
| Select / deselect | 612 | |
| Select group hotkey | 635 | |
| Use ability | 65 | |
2722 total
» units
| Wisp | 18 | |
| Archer | 3 | |
| Huntress | 20 | |
| Druid of the Talon | 21 | |
| Goblin Shredder | 1 | |
| Chimaera | 8 | |
| Hippogryph | 7 | |
| Dryad | 3 | |
| Druid of the Claw | 3 | |
84 total
» upgrades
| Strength of the Moon | 1 | |
| Moon Armor | 1 | |
| Druid of the Talon Training | 2 | |
| Strength of the Wild | 3 | |
| Upgrade Moon Glaive | 1 | |
| Reinforced Hides | 1 | |
| Mark of the Talon | 1 | |
| Nature's Blessing | 1 | |
| Corrosive Breath | 1 | |
| Druid of the Claw Training | 2 | |
| Mark of the Claw | 1 | |
15 total
» buildings
| Altar of Elders | 1 | |
| Moon Well | 6 | |
| Ancient of War | 1 | |
| Hunter's Hall | 2 | |
| Tree of Ages | 1 | |
| Ancient Protector | 3 | |
| Tree of Eternity | 1 | |
| Ancient of Wind | 2 | |
| Tree of Life | 2 | |
| Chimaera Roost | 1 | |
| Ancient of Lore | 1 | |
21 total
» build order
00:14 Altar of Elders
00:27 Moon Well
01:18 Ancient of War
01:37 Moon Well
02:25 Hunter's Hall
02:43 Moon Well
03:40 Tree of Ages
04:26 Moon Well
06:05 Ancient Protector
06:10 Ancient Protector
07:35 Ancient Protector
08:30 Tree of Eternity
08:45 Ancient of Wind
13:24 Ancient of Wind
13:39 Tree of Life
14:08 Moon Well
15:25 Chimaera Roost
24:41 Moon Well
28:10 Hunter's Hall
30:07 Ancient of Lore
31:57 Tree of Life
Chat log
(00:41 / All) neil_diamond: I LOVE BLACK PEOPLE!~!!
(00:57 / All) Malfurion: I like rape
(01:00 / All) Malfurion: I like a good show
(01:05 / Allies) Malfurion: I'll take it as an expo
(01:09 / Allies) mis.click: ok
(01:28 / All) HavocReaper: we will put you out of your misery soon yellow
(01:30 / Allies) Malfurion: this is the best map to have an afker
(01:43 / All) Malfurion: Why don't you take a seat right over there?
(02:51 / Allies) blablib: you are wasting your time just build around it
(03:12 / Allies) Malfurion: That isn't ideal for tower placement
(06:52 / Allies) Malfurion: omw
(07:25 / Allies) blablib: no
(07:27 / Allies) blablib: yellow
(07:27 / Allies) blablib: wtf
(07:33 / Allies) Malfurion: what?
(11:45 / All) HavocReaper: move tree
(12:31 / Allies) blablib: b
(12:44 / Allies) Malfurion: free wyrm
(13:05 / Allies) Malfurion: wood please
(14:21 / Allies) mis.click: PURP GO OR NO?
(14:33 / Allies) Malfurion: help
(14:35 / Allies) Malfurion: or we lose
(15:43 / Allies) Malfurion: counter?
(15:56 / Allies) mis.click: shop?
(16:09 / Allies) mis.click: i have no tp
(16:10 / Allies) Malfurion: building one
(16:12 / Allies) mis.click: just fyi
(16:17 / Allies) mis.click: but gio
(16:53 / Allies) Malfurion: b
(18:05 / Allies) Malfurion: b
(18:40 / Allies) Malfurion: omw
(18:52 / Allies) blablib: b
(19:01 / Allies) blablib: b
(19:01 / Allies) blablib: b
(19:22 / Allies) blablib: b means back orange
(19:32 / Allies) Malfurion: or suicide your units i guess
(19:36 / Allies) Malfurion: with no tp
(19:44 / Allies) mis.click: BECAUSE YOU NO SHOP
(19:51 / Allies) Malfurion: lol
(21:11 / Allies) mis.click: GOLD ANYONE?
(21:14 / Allies) mis.click: plz
(21:17 / Allies) blablib: right there idiot
(21:22 / Allies) mis.click: ok but seriously
(21:23 / Allies) mis.click: 300 now
(21:24 / Allies) mis.click: for tp
(21:56 / Allies) mis.click: care
(22:42 / Allies) mis.click: seriously can anyone spare some gold
(23:06 / Allies) mis.click: thnx
(26:25 / Allies) mis.click: care
(26:35 / Allies) Malfurion: going to buy a tp
(28:48 / Allies) mis.click: purp is having fun
(28:50 / Allies) mis.click: nice.
(29:00 / Allies) blablib: isnt htat the point of a game
(29:03 / Allies) blablib: lol
(29:11 / Allies) mis.click: if you say so
(29:11 / Allies) mis.click: heh
(29:16 / Allies) blablib: ??
(29:21 / Allies) blablib: as in there is some other purpose
(29:23 / Allies) blablib: to playing this
(29:25 / Allies) mis.click: to win?
(29:30 / Allies) mis.click: just putting it out there
(29:44 / Allies) Malfurion: get ready to tp
(29:50 / Allies) blablib: arent we winning
(29:54 / Allies) Malfurion: so far
(29:56 / Allies) mis.click: not quite
(31:52 / All) OneTooManyBeers: gg
(31:55 / Allies) Malfurion: i have no idea how we survived that
(31:56 / Allies) Malfurion: nice
(32:23 / Allies) mis.click: potm one hit 100+ dmg
(34:05 / Allies) mis.click: shit call
(34:18 / Allies) Malfurion: ?
(36:13 / All) Malfurion: gg
(36:34 / All) Malfurion: you lost 3v4, you were humiliated
(36:36 / All) Malfurion: please leave
(36:39 / Allies) Malfurion: gj
(36:43 / All) blablib: thats not very nice yellow
(36:48 / Allies) Malfurion: sick castle expo btw
(36:55 / Allies) blablib: lol
(36:57 / Allies) Malfurion: it looks cool
(37:09 / Allies) mis.click: told you he was haviugn fun
(37:09 / Allies) mis.click: rofl
(37:15 / Allies) Malfurion: ya
(37:18 / Allies) blablib: duh
(37:36 / All) Malfurion: an expo dies, meanwhile your t3 dies
(40:07 / Allies) mis.click: ?
(40:17 / All) blablib: can u scan the center of the map blue
(41:26 / All) Malfurion: sappers inc, instakill UD towers
(41:35 / All) Malfurion: oh well not even needed :(
(42:16 / All) HavocReaper: gg
(42:18 / All) Malfurion: gg